 Dungeon Crawl Stone Soup version 0.29.1-1-gd02db6906a (webtiles) character file.

Game seed: 12256394953397475808

11 Homeless the Trooper (level 2, 0/24 HPs)
             Began as a Mummy Monk on Oct 18, 2022.
             Slain by a bat (1 damage)
             ... on level 1 of the Dungeon.
             The game lasted 00:01:07 (572 turns).

Homeless the Trooper (Mummy Monk)                    Turns: 572, Time: 00:01:08

Health: 0/24       AC:  0    Str: 14    XL:     2   Next: 13%
Magic:  2/2        EV: 12    Int:  9    God:
Gold:   60         SH:  0    Dex: 14    Spells: 1/1 levels left

rFire   x . .      SeeInvis .     - Unarmed
rCold   + . .      Faith    .   (no shield)
rNeg    + + +      Spirit   .   (no body armour)
rPois   ∞          Reflect  .   (no helmet)
rElec   .          Harm     .   (no cloak)
rCorr   .          Rampage  .   (no gloves)
Will    .....                   (no boots)
Stlth   +.........              (no amulet)
HPRegen 0.08/turn               (no ring)
MPRegen 0.08/turn               (no ring)

@: very slow
A: cold resistance 1, negative energy resistance 3, torment resistance 2, heat
vulnerability 1, no potions
a: no special abilities


You were on level 1 of the Dungeon.
You visited 1 branch of the dungeon, and saw 1 of its levels.

You collected 60 gold pieces.

You aren't carrying anything.


   Skills:
 + Level 3.2 Fighting
 - Level 2.4 Dodging
 - Level 1.5 Stealth
 * Level 2.8 Unarmed Combat


You had one spell level left.
You didn't know any spells.
Your spell library contained the following spells:

 Spells                   Type           Power      Damage    Failure   Level
 Dazzling Flash           Conj/Hex       0%         N/A       77%         3
 Iskenderun's Mystic Bla  Conj/Tloc      0%         2d3       99%         4
 Starburst                Conj/Fire      0%         6d3       100%        6


Dungeon Overview and Level Annotations

Branches:
Dungeon (1/15)

Altars:

Shops:
D:1 (


Innate Abilities, Weirdness & Mutations

You are immune to poison.
Your flesh is cold resistant. (rC+)
You are immune to negative energy. (rN+++)
You are immune to unholy pain and torment.
You are vulnerable to heat. (rF-)
You do not drink.


Message History

You are too injured to fight recklessly!
You are too injured to fight recklessly!
You are too injured to fight recklessly!
You closely miss the bat. You punch the bat.
You kill the bat!
The bat closely misses you. The bat hits you.
You miss the bat. The bat misses you.
You enter the shallow water.
Moving in this stuff is going to be slow.
The bat completely misses you.
Found a scroll labelled USIUPRE KIDO.
The bat hits you.
You closely miss the bat. The bat hits you. x2
Your unstable footing causes you to fumble your attack.
The bat closely misses you. The bat hits you.
* * * LOW HITPOINT WARNING * * *
The bat closely misses you.
You barely miss the bat. The bat misses you. The bat misses you.
The bat misses you. The bat closely misses you. The bat hits you.
* * * LOW HITPOINT WARNING * * *
You miss the bat. The bat hits you.
* * * LOW HITPOINT WARNING * * *
The bat hits you.
* * * LOW HITPOINT WARNING * * *
The bat hits you.
* * * LOW HITPOINT WARNING * * *
The bat hits you.
* * * LOW HITPOINT WARNING * * *
The bat hits you.
* * * LOW HITPOINT WARNING * * *
The bat closely misses you. The bat hits you.
* * * LOW HITPOINT WARNING * * *
You hit the plant.
The plant begins to die.
The plant is lightly damaged.
The bat barely misses you. x2
Your unstable footing causes you to fumble your attack.
The bat closely misses you. The bat hits you.
You die...

#..#..P♣†##.#.###.#..#.#.#
##..#....P##.........#...##
...$P....P.#.#.###########
#....~~...P.#.#
#...♣~~~....#.#
....P~♣~~~♣....#
###..♣♣~~♣~♣.###
.....~♣~~~P.#
#...P...♣b@..#
#....P...~P..#
#.....P....#.#
......?.......
######♣......## ###.....
....... #.....#.


You could see a bat.

Vanquished Creatures
  A ball python (D:1)
  A bat (D:1)
  A giant cockroach (D:1)
  2 hobgoblins (D:1)
  A frilled lizard (D:1)
  5 rats (D:1)
11 creatures vanquished.

Vanquished Creatures (others)
  2 plants (D:1)
2 creatures vanquished.

Grand Total: 13 creatures vanquished

Notes
Turn   | Place    | Note
-------+----------+-------------------------------------------
     0 | D:1      | Homeless the Mummy Monk began the quest for the Orb.
     0 | D:1      | Reached XP level 1. HP: 18/18 MP: 1/1
   368 | D:1      | Found Cisues's Weapon Boutique.
   524 | D:1      | Reached XP level 2. HP: 24/24 MP: 2/2
   569 | D:1      | HP: 1/24 [bat (1)]
   572 | D:1      | Slain by a bat

Illustrated notes

Levels and vault maps discovered:
D:1:      dpeg_arrival_court, layout_loops_cross, serial_shops, shop_statue,
          serial_bayou, serial_bayou_pond_a, serial_bayou_pond_e,
          serial_bayou_ford_a, serial_bayou_pond_d

Action                   || total
-------------------------++-------
Melee: Unarmed           ||    42
       Punch             ||     2
  Use: Scroll            ||     1
Dodge: Dodged            ||    42
